 Dungeon Crawl Stone Soup version 0.31-a0-486-g8d68a81214 (console) character file.

Game seed: 5176902337215486965

164 petzl the Sneak (level 5, 0/41 HPs)
             Began as a Formicid Delver on Aug 8, 2023.
             Succumbed to a kobold brigand's curare-tipped dart
             ... on level 8 of the Dungeon.
             The game lasted 00:10:58 (2864 turns).

petzl the Sneak (Formicid Delver)                   Turns: 2864, Time: 00:10:59

Health: 0/41       AC:  4    Str: 17    XL:     5   Next: 73%
Magic:  10/10      EV: 12    Int: 11    God:
Gold:   134        SH:  0    Dex: 15    Spells: 4/10 levels left

rFire   . . .        a - +0 mace
rCold   . . .        (no shield)
rNeg    + . .        b - +0 leather armour
rPois   .            (helmet unavailable)
rElec   .            (no cloak)
rCorr   .            (no gloves)
SInv    +            k - +0 pair of boots
Will    .....        (no amulet)
Stlth   +            r - ring of positive energy
HPRegen 0.26/turn    (no ring)
MPRegen 0.12/turn

%: no passive effects
@: confused, lethally poisoned (0 -> -23)
A: permanent stasis, dig shafts and tunnels, antennae 3, four strong arms
a: Dig, Shaft Self


You were on level 8 of the Dungeon.
You visited 1 branch of the dungeon, and saw 9 of its levels.

You collected 134 gold pieces.

Inventory:

Hand Weapons
 a - a +0 mace (weapon)
Missiles
 h - 11 stones (quivered)
Armour
 b - a +0 leather armour (worn)
 k - a +0 pair of boots (worn)
 s - an orb of light
 u - the +1 ring mail "Itzyr" {rF- Int+3}
   (You found it on level 5 of the Dungeon)

   Int:       It affects your intelligence (+3).
   rF:        It makes you vulnerable to fire.
Jewellery
 r - a ring of positive energy (left hand)
Wands
 f - a wand of digging (3)
Scrolls
 c - a scroll of acquirement {unknown}
 d - 2 scrolls of revelation
 e - 2 scrolls of immolation {unknown}
 g - a scroll of amnesia {unknown}
 i - 2 scrolls of identify {unknown}
 j - 2 scrolls of noise {unknown}
 l - 2 scrolls of poison {unknown}
 m - a scroll of enchant weapon {unknown}
 n - a scroll of brand weapon {unknown}
 q - a scroll of butterflies {unknown}
Potions
 o - 3 potions of heal wounds
 p - 2 potions of curing {unknown}
 t - a potion of mutation {unknown}
 v - a potion of degeneration {unknown}


   Skills:
 - Level 3.4 Fighting
 - Level 2.0 Maces & Flails
 - Level 0.4 Armour
 - Level 1.9 Dodging
 - Level 6.2 Stealth
 - Level 3.3 Spellcasting
 + Level 1.4 Conjurations
 - Level 0.3 Air Magic
 + Level 2.0 Earth Magic
 - Level 0.8 Poison Magic


You had 4 spell levels left.
You knew the following spells:

 Your Spells              Type           Power      Damage    Failure   Level
a - Stone Arrow           Conj/Erth      10%        3d7       41%         3
m - Mephitic Cloud        Conj/Pois/Air  3%         N/A       54%         3

Your spell library contained the following spells:

 Spells                   Type           Power      Damage    Failure   Level
 Cigotuvi's Dreadful Rot  Necr/Pois/Air  4%         N/A       36%         2
 Ensorcelled Hibernation  Hex/Ice        2%         N/A       41%         2
 Animate Armour           Summ/Erth      8%         N/A       89%         4
 Anguish                  Hex/Necr       0%         N/A       96%         4
 Alistair's Intoxication  Tmut/Pois      1%         N/A       100%        5
 Lehudib's Crystal Spear  Conj/Erth      2%         10d2      100%        8
 Vhi's Electric Charge    Tloc/Air       Unusable   N/A       N/A         3

Dungeon Overview and Level Annotations

Branches:
Dungeon (9/15)
 Temple: D:4-7         Lair: D:8-11         Orc: D:9-12

Altars:

Shops:
D:7 *

Annotations:
D:2 exclusion: 2 gnolls, Natasha
D:5 exclusion: downstairs
D:6 exclusion: upstairs


Innate Abilities, Weirdness & Mutations

You cannot be hasted, slowed, berserked, paralysed or teleported.
You can dig through walls and to a lower floor.
You have a pair of large antennae on your head. (SInv)
Your four strong arms can wield two-handed weapons with a shield.


Message History

You climb downwards.
Found a twisted iron wand.
Found a stone staircase leading up.
There is a stone staircase leading up here.
Unknown command.
The orc shouts!
The orc wizard shouts!
The orc shouts!
The orc wizard shouts!
The centaur shouts!
You hear a shout!
You hear a howl!
You hear a shout! x3
The centaur wields a +0 shortbow.
The centaur shoots an arrow.
The arrow hits you!
The orc wizard points at you and mumbles some strange words.
You are confused.
The orc barely misses you.
The troll shouts!
In your confused state, you trip and fall back down the stairs.
The howler monkey howls!
You hear a shout!
The centaur shoots an arrow.
The arrow hits you.
The howler monkey hoots and howls with incredible vigour!
The kobold throws a stone.
The stone hits you but does no damage.
The kobold brigand throws a curare-tipped dart.
The curare-tipped dart hits you.
You are poisoned.
You have difficulty breathing.
Your stasis prevents you from being slowed.
The orc hits you but does no damage.
You hear a shout! x2; You hear an angry buzzing noise.
You hear a loud, deep croak!
You hear an angry buzzing noise. x2
Unknown command.
You feel very sick.
The howler monkey hoots and howls with incredible vigour! x2
The centaur shoots an arrow.
The arrow hits you.
* * * LOW HITPOINT WARNING * * *
The kobold brigand throws a curare-tipped dart.
The curare-tipped dart hits you.
You are more poisoned.
You have difficulty breathing.
* * * LOW HITPOINT WARNING * * *
Your stasis prevents you from being slowed.
The kobold throws a stone.
The stone barely misses you.
You hear an angry hiss.
You hear a shout!
You hear an angry buzzing noise.
You hear a shout!
You climb upwards.
You die...

..##.### ... #....... ....
###......###..##
................
#.#............. .
#.#............. #.
#............... .... #.##
##.............
......#...##..............
......#...................
......#.##.##.............
............@...#.#.......
........###o#####.####.#..
..................# .# >
.................## #
##....<.........###
....##.............# .##
#########.....# #...<.#
#.....# #######


You could see an orc.

Vanquished Creatures
  A centaur zombie (D:7)
  2 orc wizards
  An adder (D:3)
  An ufetubus (D:6)
  2 worms
  2 dart slugs (D:1)
  10 orcs
  2 endoplasms
  2 goblins
  2 hobgoblins
  6 jackals
  4 quokkas
  2 ball pythons
  2 bats
  4 frilled lizards
  4 kobolds
  4 rats
51 creatures vanquished.

Notes
Turn   | Place    | Note
-------+----------+-------------------------------------------
     0 | D:5      | petzl the Formicid Delver began the quest for the Orb.
     0 | D:5      | Reached XP level 1. HP: 18/18 MP: 1/1
     7 | D:6      | Reached skill level 1 in Spellcasting
    13 | D:6      | Got the Notes on Gusts and Pollution
    41 | D:6      | Noticed a black bear
    82 | D:5      | Noticed a hound
    83 | D:5      | Noticed a hound
    87 | D:5      | Noticed an ogre
   103 | D:3      | Reached XP level 2. HP: 22/23 MP: 2/4
   238 | D:1      | Reached XP level 3. HP: 21/29 MP: 6/6
   985 | D:2      | Noticed Natasha
  1190 | D:2      | Reached XP level 4. HP: 35/35 MP: 8/8
  1767 | D:2      | Learned a level 3 spell: Stone Arrow
  1771 | D:2      | Learned a level 3 spell: Mephitic Cloud
  2083 | D:2      | Reached skill level 1 in Conjurations
  2083 | D:2      | Reached skill level 1 in Earth Magic
  2083 | D:2      | Reached XP level 5. HP: 29/41 MP: 8/10
  2300 | D:3      | You fall into a shaft and drop 2 floors!
  2443 | D:5      | Identified the +1 ring mail "Itzyr" {rF- Int+3}
  2642 | D:7      | Found Posh's General Store.
  2860 | D:9      | Noticed a centaur
  2861 | D:9      | Noticed a kobold brigand
  2861 | D:9      | Noticed a troll
  2864 | D:8      | Succumbed to a kobold brigand's curare-tipped dart

Illustrated notes

Levels and vault maps discovered:
D:1:      lightli_arrival_maybe_door_vault, layout_basic, chequers_arboretum
D:2:      layout_loops_ring, uniq_natasha
D:3:      gammafunk_steamed_eel, layout_basic, nicolae_uskayaw_suspiria,
          dk_noncrumbling_3
D:4:      layout_rooms, mainiacjoe_overflow_surrounded_room,
          minmay_temple_entry_trees, nicolae_goblin_pals, uniq_pikel
D:5:      layout_basic, trog_antimagical, uniq_eustachio
D:6:      layout_basic, old_standard_altar, minmay_misc_feat_plants,
          nicolae_specific_store
D:7:      layout_basic, nicolae_yredelemnul_corpse_copse,
          nicolae_qazlal_eye_of_the_storm, serial_shops, kennysheep_little_box,
          minmay_between
D:8:      layout_rooms, overflow_temple_1_default, serial_shops, shop,
          minmay_misc_feat_tower, mrwooster_statue_mirror
D:9:      layout_cross, minitemple

Skill      XL: |  1  2  3  4  5 |
---------------+----------------+-----
Spellcasting   | 1 2 3 |  3.3
Conjurations   | 1 |  1.4
Earth Magic    | 1 2 |  2.0
Fighting       | |  3.4
Maces & Flails | |  2.0
Armour         | |  0.4
Dodging        | |  1.9
Stealth        | |  6.2
Air Magic      | |  0.3
Poison Magic   | |  0.8

Action                     |  1- 3 |  4- 6 || total
---------------------------+-------+-------++-------
  Melee: Mace              |    82 |   100 ||   182
         Punch             |       |     2 ||     2
  Throw: Stone             |       |     3 ||     3
Ability: Dig               |     1 |     2 ||     3
         Shaft Self        |       |     1 ||     1
    Use: Scroll            |     1 |     2 ||     3
         Potion            |       |     2 ||     2
   Stab: Sleeping          |     8 |       ||     8
 Armour: Leather armour    |    18 |    38 ||    56
  Dodge: Dodged            |    63 |    85 ||   148

Table legend: (Time is in decaauts)
 A = Elapsed time spent in this place.
 B = Non-inter-level travel time spent in this place.
 C = Inter-level travel time spent in this place.
 D = Time resting spent in this place.
 E = Time spent auto-exploring this place.
 F = Levels seen in this place.
 G = Mean time per level.
                   A        B        C        D        E       F      G
               +--------+--------+--------+--------+--------+-----+--------+
         Total |   2916 |   2801 |    115 |    367 |   1468 |   9 |  324.0 |
       Dungeon |   2916 |   2801 |    115 |    367 |   1468 |   9 |  324.0 |
               +--------+--------+--------+--------+--------+-----+--------+

Top non-repeatable levels by time:
     D:2: 1115 daAuts
     D:1: 647 daAuts
     D:3: 484 daAuts
     D:7: 282 daAuts
     D:5: 273 daAuts
     D:6: 61 daAuts
     D:8: 35 daAuts
     D:4: 11 daAuts
     D:9: 3 daAuts
